 Dungeon Crawl Stone Soup version 0.19.0-2-gae57169 (webtiles) character file.

3371 Ijustatesigmund the Slicer (level 10, -4/71 (72) HPs)
             Began as a Halfling Fighter on Nov 3, 2016.
             Was a Priest of Okawaru.
             Slain by a killer bee (5 damage)
             ... on level 8 of the Dungeon.
             The game lasted 00:27:35 (9530 turns).

Ijustatesigmund the Slicer (Halfling Fighter)       Turns: 9530, Time: 00:27:35

HP:   -4/71 (72)    AC:  8    Str: 17    XL:     10   Next: 23%
MP:   13/13         EV: 14    Int:  7    God:    Okawaru [***...]
Gold: 665           SH:  0    Dex: 17    Spells: 0 memorised, 9 levels left

rFire  + . .     SeeInvis .     a - +2 rapier
rCold  . . .     Gourm    .     l - +2 leather armour {rF+}
rNeg   . . .     Faith    .     c - +1 shield
rPois  .         Spirit   .     (no helmet)
rElec  .         Reflect  .     (no cloak)
rCorr  .         Harm     .     w - +1 pair of gloves
MR     .....                    (no boots)
Stlth  +.........               n - amulet of rage
                                (no ring)
                                (no ring)

@: confused, lethally poisoned (-4 -> -41), very slightly contaminated, hasted,
very quick
A: mutation resistance 1
a: Heroism, Renounce Religion, Evoke Berserk Rage


You were on level 8 of the Dungeon.
You worshipped Okawaru.
Okawaru was most pleased with you.
You were not hungry.

You visited 2 branches of the dungeon, and saw 9 of its levels.

You collected 665 gold pieces.

Inventory:

Hand Weapons
 a - a +2 rapier (weapon)
Missiles
 q - a throwing net (quivered)
Armour
 c - a +1 shield (worn)
 l - a +2 leather armour of fire resistance (worn)
 t - a +1 chain mail
 w - a +1 pair of gloves (worn)
Jewellery
 n - an amulet of rage (around neck)
Wands
 y - a wand of lightning (2/15)
 z - a wand of flame (13/48)
Scrolls
 d - 3 scrolls of amnesia
 e - 4 scrolls of identify
 i - 4 scrolls of remove curse
 k - 3 scrolls of enchant armour
 m - 3 scrolls of recharging
 o - 2 scrolls of teleportation
 x - a scroll of magic mapping
Potions
 h - a potion of resistance
 j - 2 potions of cancellation
 s - 4 potions of lignification
 A - 2 potions of flight
Books
 u - a book of Changes

   Spells                             Type                      Level
   a - Beastly Appendage              Transmutation                1
   b - Sticks to Snakes               Transmutation                2
   c - Spider Form                    Transmutation/Poison         3
   d - Ice Form                       Ice/Transmutation            4
   e - Blade Hands                    Transmutation                5
 v - a book of Callings

   Spells                             Type                      Level
   a - Summon Small Mammal            Summoning                    1
   b - Call Imp                       Summoning                    2
   c - Call Canine Familiar           Summoning                    3
   d - Summon Guardian Golem          Hexes/Summoning              3
   e - Summon Lightning Spire         Summoning/Air                4
   f - Summon Ice Beast               Ice/Summoning                4
Comestibles
 b - 5 meat rations
 f - 3 bread rations
 g - a beef jerky
 p - 24 fruits


   Skills:
 + Level 7.7 Fighting
 + Level 9.4 Short Blades
 - Level 5.5 Armour
 - Level 4.1 Dodging
 - Level 5.5 Shields
 + Level 5.0 Invocations


You had 9 spell levels left.
You didn't know any spells.

Dungeon Overview and Level Annotations

Branches:
Dungeon (8/15)             Temple (1/1) D:5
   Lair: D:8-11

Altars:
Ashenzari
Cheibriados
Dithmenos
Elyvilon
Fedhas
Gozag
Hepliaklqana
Kikubaaqudgha
Makhleb
Nemelex Xobeh
Okawaru
Qazlal
Ru
Sif Muna
Trog
Uskayaw
Vehumet
Xom
Yredelemnul
Zin
The Shining One


Innate Abilities, Weirdness & Mutations

You are small and have problems with some larger weapons.
You are somewhat resistant to further mutation.


Message History

You bump into the rock wall.
* * * LOW HITPOINT WARNING * * *
You feel sick. The killer bee misses you. The killer bee barely misses you.
The killer bee stings you.
* * * LOW HITPOINT WARNING * * *
You closely miss the killer bee.
* * * LOW HITPOINT WARNING * * *
You feel sick. The killer bee barely misses you. x2
You hit the killer bee.
The killer bee is lightly wounded.
* * * LOW HITPOINT WARNING * * *
You feel sick. The killer bee stings you.
* * * LOW HITPOINT WARNING * * *
You are more poisoned.
The killer bee poisons you! The killer bee completely misses you.
You bump into the rock wall.
* * * LOW HITPOINT WARNING * * *
You feel very sick. The killer bee stings you.
You die...

#..# #..##................#
#..#### ##.##................#
#.....####.##................#
#.#.....##.##................#
#.#.#.#.##.###.#####.........#
#.#.#.#........# ########.###
#.#.#.####..#..# #...#..
#.#.#.#####.#y.# #.###.#
#.#.#........y@# #....(.
#.#.#######†.#.##############.#
###.........†..........#....<...#
.........#####...#####.#.###.#..#
##.#.###.# ##..# #.#.#.......
.........# #..# #.#.#.#.#..#
.......### #..# #.#...#.#...
...#.#.# #..# #.......##.#
.......# #..# #.......##.#


You could see 2 killer bees.

Vanquished Creatures
  A two-headed ogre (D:8)
  A wyvern (D:8)
  2 sky beasts (D:5)
  2 ice beasts
  An orc warrior (D:7)
  2 black bears
  2 necrophages
  A phantom (D:4)
  5 ogres
  2 centaurs (D:8)
  A big kobold (D:8)
  Blork the orc (D:6)
  4 bullfrogs
  7 killer bees
  A howler monkey (D:5)
  2 crimson imps (D:6)
  2 bullfrog zombies
  A centaur skeleton (D:4)
  2 hounds
  A gnoll shaman (D:6)
  An orc priest (D:7)
  A bullfrog skeleton (D:4)
  Jessica (D:6)
  2 orc wizards
  A worker ant (D:8)
  A killer bee zombie (D:7)
  A hound skeleton (D:8)
  2 worker ant zombies
  7 gnolls
  13 adders
  2 shadow imps (D:5)
  An adder zombie (D:5)
  2 adder skeletons
  6 worms
  4 leopard geckos
  12 orcs
  9 giant cockroaches
  5 hobgoblins
  12 jackals
  7 kobolds
  7 quokkas
  4 bats
  2 frilled lizards (D:2)
  8 goblins
  A jackal skeleton (D:5)
  A quokka skeleton (D:4)
  9 rats
  A fungus (D:2)
164 creatures vanquished.

Notes
Turn   | Place    | Note
-------+----------+-------------------------------------------
     0 | D:1      | Ijustatesigmund the Halfling Fighter began the quest for the Orb.
     0 | D:1      | Reached XP level 1. HP: 15/15 MP: 1/1
    22 | D:1      | Reached XP level 2. HP: 1/20 MP: 2/2
   334 | D:1      | Reached skill level 3 in Short Blades
   519 | D:1      | Reached XP level 3. HP: 24/26 MP: 3/3
   878 | D:2      | Reached XP level 4. HP: 23/31 MP: 4/4
  1195 | D:2      | Reached skill level 4 in Short Blades
  1309 | D:2      | Reached XP level 5. HP: 15/37 MP: 5/5
  2454 | D:3      | Reached skill level 5 in Short Blades
  2459 | D:3      | Reached XP level 6. HP: 42/44 MP: 6/6
  3073 | D:4      | Noticed a phantom
  3108 | D:4      | Killed a phantom
  3108 | D:4      | Reached skill level 5 in Fighting
  3130 | D:4      | Reached XP level 7. HP: 47/50 MP: 7/7
  3557 | D:5      | Entered Level 5 of the Dungeon
  3610 | D:5      | Reached skill level 6 in Short Blades
  3834 | D:5      | Found a staircase to the Ecumenical Temple.
  4605 | Temple   | Entered the Ecumenical Temple
  4775 | Temple   | Became a worshipper of Warmaster Okawaru
  5073 | D:6      | Reached skill level 1 in Dodging
  5073 | D:6      | Reached XP level 8. HP: 39/57 MP: 8/8
  5230 | D:6      | Reached * piety under Okawaru
  5230 | D:6      | Reached skill level 7 in Short Blades
  5567 | D:6      | Noticed Blork the orc
  5960 | D:6      | Found a sparkling altar of Nemelex Xobeh.
  5960 | D:6      | Noticed Jessica
  5964 | D:6      | Killed Jessica
  6629 | D:6      | Killed Blork the orc
  6981 | D:6      | Reached skill level 5 in Armour
  7034 | D:7      | Reached skill level 5 in Shields
  7034 | D:7      | Reached XP level 9. HP: 54/61 MP: 9/9
  7060 | D:7      | HP: 3/61 [killer bee (4)]
  7061 | D:7      | HP: 1/62 [killer bee (7)]
  7367 | D:7      | Reached ** piety under Okawaru
  7737 | D:7      | Reached skill level 1 in Invocations
  8016 | D:7      | Reached skill level 8 in Short Blades
  8774 | D:8      | Reached *** piety under Okawaru
  8859 | D:8      | Noticed a two-headed ogre
  8882 | D:8      | Reached XP level 10. HP: 39/70 MP: 9/12
  8888 | D:8      | Reached skill level 9 in Short Blades
  9505 | D:8      | Reached skill level 5 in Invocations
  9519 | D:8      | HP: 1/71 [killer bee (7)]
  9527 | D:8      | HP: 3/71 [killer bee (3)]
  9530 | D:8      | HP: 1/71 [poisoned by a killer bee]
  9530 | D:8      | Slain by a killer bee

Skill      XL: |  1  2  3  4  5  6  7  8  9 10 |
---------------+-------------------------------+-----
Fighting       | 3 4 5 6 7 |  7.7
Short Blades   | 3 4 5 6 7 8 9 |  9.4
Dodging        | 1 3 4 |  4.1
Armour         | 5 |  5.5
Shields        | 5 |  5.5
Invocations    | 3 5 |  5.0

Action                   |  1- 3 |  4- 6 |  7- 9 | 10-12 || total
-------------------------+-------+-------+-------+-------++-------
Melee: Rapier            |    93 |   235 |   507 |    74 ||   909
Invok: Heroism           |       |       |     1 |       ||     1
 Abil: Evoke Berserk Rag |       |       |     1 |       ||     1
  Use: Potion            |     1 |     1 |     8 |     2 ||    12
       Scroll            |     4 |       |    20 |       ||    24
 Stab: Invisible         |       |       |     1 |       ||     1
  Eat: Chunk             |       |     6 |     6 |     3 ||    15
       Pizza             |       |     1 |       |       ||     1
       Fruit             |       |       |     2 |       ||     2
       Bread ration      |       |       |     2 |       ||     2
       Beef jerky        |       |       |     2 |       ||     2
Armor: Scale mail        |    32 |    42 |       |       ||    74
       Chain mail        |       |    36 |       |       ||    36
       Leather armour    |       |       |    95 |     9 ||   104
Dodge: Dodged            |    32 |    43 |   205 |    53 ||   333
Block: Shield            |    48 |    97 |   274 |    53 ||   472
